 Dungeon Crawl Stone Soup version 0.17.0-57-g0e89251 (webtiles) character file.

133 dohliylev the Sneak (level 4, -5/33 HPs)
             Began as a Vampire Assassin on Dec 9, 2015.
             Slain by Terence
             ... wielding a +3 flail of distortion
              (16 damage)
             ... on level 2 of the Dungeon.
             The game lasted 00:06:34 (1584 turns).

dohliylev the Sneak (Vampire Assassin)              Turns: 1584, Time: 00:06:34

Health: -5/33      AC:  7    Str: 10    XL:     4   Next: 93%
Magic:  4/4        EV:  5    Int: 13    God:
Gold:   51         SH:  0    Dex: 16    Spells: 0 memorised, 3 levels left

rFire  . . .     SeeInvis +     a - +2 dagger
rCold  . . .     Clarity  .     k - -2 chain mail (curse)
rNeg   . . .     SustAt   .     (no shield)
rPois  .         Gourm    .     (no helmet)
rElec  .         Spirit   .     d - +0 cloak
rCorr  .         Warding  .     (no gloves)
rMut   .         Stasis   .     (no boots)
MR     .....                    (no amulet)
Stlth  +.........               (no ring)
                                (no ring)

@: regenerating quickly, not resistant to hostile enchantments, very unstealthy
A: fangs 3, see invisible, unbreathing
a: no special abilities


You were on level 2 of the Dungeon.
You were full.

You visited 1 branch of the dungeon, and saw 2 of its levels.

You collected 51 gold pieces.

Inventory:

Hand Weapons
 a - a +2 dagger (weapon)
 b - a +0 blowgun
Missiles
 e - 8 poisoned needles
 f - 2 curare-tipped needles
Armour
 c - a +0 robe
 d - a +0 cloak (worn)
 k - a cursed -2 chain mail (worn)
Scrolls
 h - 2 scrolls of teleportation
 j - 3 scrolls of identify
 n - a scroll of fog {unknown}
 o - a scroll of noise {unknown}
 p - 3 scrolls of enchant weapon {unknown}
Potions
 g - 4 potions of blood
 i - a potion of ambrosia {unknown}
 l - a potion of poison {unknown}
 m - 2 potions of brilliance {unknown}


   Skills:
 + Level 2.2 Fighting
 + Level 3.0 Short Blades
 + Level 1.7 Throwing
 + Level 0.8 Armour
 + Level 2.5 Dodging
 + Level 7.4 Stealth


You had 3 spell levels left.
You didn't know any spells.

Dungeon Overview and Level Annotations

Branches:
Dungeon (2/15)

Altars:
Cheibriados

Annotations:
D:2 Terence


Innate Abilities, Weirdness & Mutations

Your natural rate of healing is unusually fast.
You have razor-sharp teeth.
You have supernaturally acute eyesight.
You can survive without breathing.


Message History

The worm is almost dead.
You hit the worm.
You kill the worm!
You see here a worm corpse.
You see here a worm corpse.
Terence is too close now for your liking.
Terence hits you but does no damage.
You feel strangely unstable.
You completely miss Terence.
Terence hits you with a flail of distortion.
You blink.
Terence barely misses you.
You hit Terence.
Terence is lightly wounded.
Your surroundings suddenly seem different.
Terence hits you with a flail of distortion.
Space warps horribly around you!
You hit Terence but do no damage.
Terence hits you with a flail of distortion.
Space warps horribly around you!
You die...

###.#.# ##.######
#.....# #.# # # #.#.#.#
#.# # #.#.#.#.# ##'## #
#.#.#.#.# ##...#####
#.......## ##.....##..
###......##
##.......#[#
###.#...####........)..
#..@@.............###
#.#...####........# #
#.......###.......###
#####.#.###.........'
#.......#...#.###
###.######'##.# # #.#
#.##.### #.# #.##....
#.# ##.#..#.#


You could see Terence.

Vanquished Creatures
  Natasha (twice) (D:2)
  4 gnolls
  2 adders (D:2)
  2 worms (D:2)
  A giant gecko (D:2)
  A ball python (D:1)
  5 bats
  3 hobgoblins
  2 giant cockroaches
  3 giant newts
  A goblin (D:2)
  6 jackals
  7 kobolds
  4 rats
43 creatures vanquished.

Notes
Turn   | Place    | Note
--------------------------------------------------------------
     0 | D:1      | dohliylev the Vampire Assassin began the quest for the Orb.
     0 | D:1      | Reached XP level 1. HP: 16/16 MP: 1/1
    24 | D:1      | Reached skill level 6 in Stealth
   299 | D:1      | Reached XP level 2. HP: 22/22 MP: 2/2
   642 | D:2      | Reached XP level 3. HP: 27/27 MP: 3/3
   776 | D:2      | Noticed Natasha
   789 | D:2      | Killed Natasha
   789 | D:2      | Reached skill level 7 in Stealth
   933 | D:2      | Reached XP level 4. HP: 26/33 MP: 4/4
  1394 | D:2      | Found a snail-covered altar of Cheibriados.
  1444 | D:2      | Noticed Terence
  1453 | D:2      | Noticed Natasha
  1462 | D:2      | Killed Natasha
  1584 | D:2      | Slain by Terence

Action                   |  1- 3 |  4- 6 || total
-------------------------+-------+-------++-------
Melee: Dagger            |    96 |   103 ||   199
 Fire: Blowgun           |     1 |       ||     1
  Use: Scroll            |     1 |       ||     1
 Stab: Sleeping          |     3 |       ||     3
  Eat: Corpse            |     6 |     4 ||    10
